 Dungeon Crawl Stone Soup version 0.21.1-1-g345015f (webtiles) character file.

725 ninurtach the Magician (level 7, -3/51 HPs)
             Began as a Gnoll Wizard on May 16, 2018.
             Slain by Grinder (4 damage)
             ... on level 5 of the Dungeon.
             The game lasted 00:21:17 (8506 turns).

ninurtach the Magician (Gnoll Wizard)               Turns: 8506, Time: 00:21:19

Health: -3/51      AC:  6    Str:  9    XL:     7   Next: 72%
Magic:  5/18       EV: 15    Int: 22    God:
Gold:   165        SH:  0    Dex: 14    Spells: 4/21 levels left

rFire    . . .     SeeInvis .   l - +3 dagger (speed)
rCold    . . .     Gourm    .   (no shield)
rNeg     . . .     Faith    .   a - +0 robe
rPois    .         Spirit   .   b - +0 hat
rElec    .         Reflect  .   m - +0 cloak
rCorr    .         Harm     .   w - +1 pair of gloves
MR       .....                  u - +0 pair of boots
Stlth    +++.......             (no amulet)
HPRegen  0.17/turn              (no ring)
MPRegen  0.16/turn              (no ring)

@: no status effects
A: distributed training, fangs 1, strong nose
a: no special abilities


You were on level 5 of the Dungeon.
You were not hungry.

You visited 1 branch of the dungeon, and saw 5 of its levels.

You collected 165 gold pieces.

Inventory:

Hand Weapons
 l - a +3 dagger of speed (weapon)
Armour
 a - a +0 robe (worn)
 b - a +0 hat (worn)
 m - a +0 cloak (worn)
 u - a +0 pair of boots (worn)
 w - a +1 pair of gloves (worn)
Scrolls
 e - 2 scrolls of enchant weapon
 h - a scroll of amnesia {unknown}
 i - a scroll of magic mapping
 j - a scroll of random uselessness {unknown}
 n - 2 scrolls of remove curse
 o - a scroll of blinking
 p - a scroll of teleportation
 s - a scroll of immolation {unknown}
 x - a scroll of fog {unknown}
Potions
 g - a potion of degeneration {unknown}
 k - a potion of flight {unknown}
 q - a potion of brilliance {unknown}
 t - a potion of might {unknown}
 z - a potion of magic {unknown}
Books
 c - a book of Minor Magic

   Spells                             Type                      Level
   a - Magic Dart                     Conjuration                  1
   b - Blink                          Translocation                2
   c - Call Imp                       Summoning                    2
   d - Slow                           Hexes                        2
   e - Conjure Flame                  Conjuration/Fire             3
   f - Mephitic Cloud                 Conjuration/Poison/Air       3
 v - a book of Conjurations

   Spells                             Type                      Level
   a - Magic Dart                     Conjuration                  1
   b - Searing Ray                    Conjuration                  2
   c - Dazzling Spray                 Conjuration/Hexes            3
   d - Fulminant Prism                Conjuration/Hexes            4
   e - Force Lance                    Conjuration/Translocation    4
   f - Iskenderun's Mystic Blast      Conjuration                  4
Comestibles
 d - 7 rations


   Skills:
 + Level 2.6 Fighting
 + Level 2.6 Short Blades
 + Level 2.6 Long Blades
 + Level 2.6 Axes
 + Level 2.6 Maces & Flails
 + Level 2.6 Polearms
 + Level 2.6 Staves
 + Level 2.6 Slings
 + Level 2.6 Bows
 + Level 2.6 Crossbows
 + Level 2.6 Throwing
 + Level 2.6 Armour
 + Level 5.3 Dodging
 + Level 5.0 Stealth
 + Level 2.6 Shields
 + Level 2.6 Unarmed Combat
 + Level 7.6 Spellcasting
 + Level 3.0 Conjurations
 + Level 2.1 Hexes
 + Level 2.1 Charms
 + Level 3.0 Summonings
 + Level 2.1 Necromancy
 + Level 3.0 Translocations
 + Level 2.1 Transmutations
 + Level 2.1 Fire Magic
 + Level 2.1 Ice Magic
 + Level 2.1 Air Magic
 + Level 2.1 Earth Magic
 + Level 2.1 Poison Magic
 + Level 2.9 Invocations
 + Level 2.6 Evocations


You had 4 spell levels left.
You knew the following spells:

 Your Spells              Type           Power        Failure   Level  Hunger
a - Magic Dart            Conj           ###.         2%          1    None
b - Blink                 Tloc           N/A          3%          2    None
c - Call Imp              Summ           ###.....     3%          2    None
d - Mephitic Cloud        Conj/Pois/Air  ###.....     9%          3    None
e - Conjure Flame         Conj/Fire      ###.....     8%          3    None
f - Searing Ray           Conj           ###...       3%          2    None
g - Force Lance           Conj/Tloc      ###.....     22%         4    ###....


Dungeon Overview and Level Annotations

Branches:
Dungeon (5/15)
 Temple: D:4-7

Altars:
Dithmenos
Fedhas
Sif Muna
Uskayaw

Shops:
D:4 [

Annotations:
D:4 appiemonkey's ghost, novice HOCK
D:5 Grinder


Innate Abilities, Weirdness & Mutations

Your experience applies equally to all skills.
You have very sharp teeth.
Your uncanny sense of smell can sniff out nearby items.


Message History

Grinder gestures at you.
You struggle to resist.
You now have 6/18 mp.
Spoiler Alert: Grinder can cast Paralyse and Pain!
Aim: Grinder (severely wounded)
The magic dart hits Grinder.
Your crimson imp barely misses Grinder.
Grinder hits you.
* * * LOW HITPOINT WARNING * * *
You writhe in agony.
* * * LOW HITPOINT WARNING * * *
You take 9 damage, and have 10/51 hp.
Spoiler Alert: Grinder can cast Paralyse and Pain!
Aim: Grinder (severely wounded)
The magic dart hits Grinder.
Your crimson imp hits Grinder but does no damage.
Your crimson imp blinks!
Grinder hits you!
* * * LOW HITPOINT WARNING * * *
You writhe in agony.
You die...

##### #######... ∆
#.......# #. #..#
#.####..#### ##
#...§.@....#..####
#..###55##.#.....#
#..###..##......#
#.......##.#......
##.####.........##
#.# ######..###
##.## #.# ##...##
... #####.....#
.##


You could see Grinder and a friendly crimson imp.

Vanquished Creatures
  A necrophage (D:4)
  A phantom (D:5)
  2 scorpions (D:4)
  A vampire bat (D:3)
  A hound (D:4)
  2 orc wizards (D:4)
  3 worker ants (D:4)
  A hound skeleton (D:4)
  3 gnolls (D:4)
  6 adders
  An adder skeleton (D:4)
  3 worms (D:3)
  2 dart slugs (D:2)
  6 leopard geckos
  6 orcs
  14 bats
  4 giant cockroaches
  11 goblins
  4 hobgoblins
  A jackal (D:2)
  2 quokkas (D:4)
  2 ball pythons
  4 frilled lizards
  9 kobolds
  A leopard gecko skeleton (D:4)
  4 rats
95 creatures vanquished.

Vanquished Creatures (collateral kills)
  2 orc priests (D:4)
  A worker ant (D:2)
  An adder (D:2)
  2 worms (D:2)
  A leopard gecko (D:1)
  An orc (D:4)
  A bat (D:2)
  A goblin (D:2)
  A hobgoblin (D:3)
  3 jackals (D:2)
  A kobold (D:2)
15 creatures vanquished.

Grand Total: 110 creatures vanquished

Notes
Turn   | Place    | Note
-------+----------+-------------------------------------------
     0 | D:1      | ninurtach the Gnoll Wizard began the quest for the Orb.
     0 | D:1      | Reached XP level 1. HP: 13/13 MP: 8/8
   389 | D:1      | Reached XP level 2. HP: 19/19 MP: 6/10
   393 | D:1      | Learned a level 2 spell: Blink
   396 | D:1      | Learned a level 2 spell: Call Imp
  1194 | D:2      | Reached XP level 3. HP: 25/25 MP: 7/11
  1199 | D:2      | Learned a level 3 spell: Mephitic Cloud
  1203 | D:2      | Learned a level 3 spell: Conjure Flame
  1259 | D:2      | Found a blossoming altar of Fedhas.
  1462 | D:2      | Reached skill level 1 in Invocations
  1695 | D:2      | Reached skill level 1 in Fighting
  1695 | D:2      | Reached skill level 1 in Short Blades
  1695 | D:2      | Reached skill level 1 in Long Blades
  1695 | D:2      | Reached skill level 1 in Axes
  1695 | D:2      | Reached skill level 1 in Maces & Flails
  1695 | D:2      | Reached skill level 1 in Polearms
  1695 | D:2      | Reached skill level 1 in Staves
  1695 | D:2      | Reached skill level 1 in Slings
  1695 | D:2      | Reached skill level 1 in Bows
  1695 | D:2      | Reached skill level 1 in Crossbows
  1695 | D:2      | Reached skill level 1 in Throwing
  1695 | D:2      | Reached skill level 1 in Armour
  1695 | D:2      | Reached skill level 1 in Shields
  1695 | D:2      | Reached skill level 1 in Unarmed Combat
  1695 | D:2      | Reached skill level 1 in Evocations
  1749 | D:2      | Reached XP level 4. HP: 22/32 MP: 7/13
  2120 | D:2      | Found a shadowy altar of Dithmenos.
  2121 | D:2      | Found a hide-covered altar of Uskayaw.
  2749 | D:3      | Reached skill level 1 in Hexes
  2749 | D:3      | Reached skill level 1 in Charms
  2749 | D:3      | Reached skill level 1 in Necromancy
  2749 | D:3      | Reached skill level 1 in Transmutations
  2749 | D:3      | Reached skill level 1 in Fire Magic
  2749 | D:3      | Reached skill level 1 in Ice Magic
  2749 | D:3      | Reached skill level 1 in Air Magic
  2749 | D:3      | Reached skill level 1 in Earth Magic
  2749 | D:3      | Reached skill level 1 in Poison Magic
  3386 | D:3      | Learned a level 2 spell: Searing Ray
  3457 | D:3      | Reached XP level 5. HP: 37/37 MP: 11/14
  5465 | D:4      | Reached XP level 6. HP: 39/44 MP: 1/16
  5633 | D:4      | Found a deep blue altar of Sif Muna.
  5666 | D:4      | Noticed a necrophage
  5681 | D:4      | Killed a necrophage
  5681 | D:4      | Reached skill level 5 in Dodging
  6161 | D:4      | Noticed appiemonkey's ghost (novice HOCK)
  6377 | D:4      | Found Ciapostro's Antique Armour Shop.
  6564 | D:4      | Reached XP level 7. HP: 34/50 MP: 7/18
  6820 | D:3      | Learned a level 4 spell: Force Lance
  8025 | D:5      | Entered Level 5 of the Dungeon
  8067 | D:5      | Reached skill level 5 in Stealth
  8463 | D:5      | Noticed Grinder
  8506 | D:5      | HP: 1/51 [Grinder (9)]
  8506 | D:5      | Slain by Grinder

Skill      XL: |  1  2  3  4  5  6  7 |
---------------+----------------------+-----
Conjurations   | 2 3 |  3.0
Summonings     | 2 3 |  3.0
Translocations | 2 3 |  3.0
Invocations    | 1 2 |  2.9
Fighting       | 1 2 |  2.6
Short Blades   | 1 2 |  2.6
Long Blades    | 1 2 |  2.6
Axes           | 1 2 |  2.6
Maces & Flails | 1 2 |  2.6
Polearms       | 1 2 |  2.6
Staves         | 1 2 |  2.6
Slings         | 1 2 |  2.6
Bows           | 1 2 |  2.6
Crossbows      | 1 2 |  2.6
Throwing       | 1 2 |  2.6
Armour         | 1 2 |  2.6
Shields        | 1 2 |  2.6
Unarmed Combat | 1 2 |  2.6
Evocations     | 1 2 |  2.6
Hexes          | 1 2 |  2.1
Charms         | 1 2 |  2.1
Necromancy     | 1 2 |  2.1
Transmutations | 1 2 |  2.1
Fire Magic     | 1 2 |  2.1
Ice Magic      | 1 2 |  2.1
Air Magic      | 1 2 |  2.1
Earth Magic    | 1 2 |  2.1
Poison Magic   | 1 2 |  2.1
Dodging        | 5 |  5.3
Stealth        | 5 |  5.0
Spellcasting   | |  7.6

Action                   |  1- 3 |  4- 6 |  7- 9 || total
-------------------------+-------+-------+-------++-------
Melee: Unarmed           |     6 |       |       ||     6
       Dagger            |    34 |   121 |    33 ||   188
       Hand axe          |     3 |       |       ||     3
       Bite              |       |    11 |     4 ||    15
Throw: Throwing net      |       |       |     2 ||     2
 Cast: Magic Dart        |    40 |   114 |    36 ||   190
       Call Imp          |     6 |    13 |     6 ||    25
       Mephitic Cloud    |     1 |     6 |     3 ||    10
       Searing Ray       |       |     8 |     2 ||    10
       Blink             |       |     1 |     3 ||     4
       Force Lance       |       |       |     8 ||     8
  Use: Scroll            |     2 |     6 |       ||     8
       Potion            |     1 |     1 |     2 ||     4
 Stab: Sleeping          |     2 |       |       ||     2
  Eat: Chunk             |     2 |    14 |     2 ||    18
       Ration            |       |       |     2 ||     2
Armor: Robe              |     1 |    21 |     3 ||    25
Dodge: Dodged            |    36 |   108 |    19 ||   163
